 Dungeon Crawl Stone Soup version 0.30.1-4-g462c640d31 (webtiles) character file.

Game seed: 16888645320081812344

9 pkoi the Chopper (level 2, -1/25 HPs)
             Began as a Minotaur Gladiator on Aug 29, 2023.
             Slain by a gnoll
             ... wielding a +0 club
              (3 damage)
             ... on level 1 of the Dungeon.
             The game lasted 00:00:32 (104 turns).

pkoi the Chopper (Minotaur Gladiator)                Turns: 104, Time: 00:00:33

Health: -1/25      AC:  3    Str: 18    XL:     2   Next: 6%
Magic:  1/1        EV: 12    Int:  5    God:
Gold:   10         SH:  0    Dex: 11    Spells: 1/1 levels left

rFire   . . .        a - +0 war axe
rCold   . . .        (no shield)
rNeg    . . .        b - +0 leather armour
rPois   .            c - +0 hat
rElec   .            (no cloak)
rCorr   .            (no gloves)
SInv    .            (no boots)
Will    .....        (no amulet)
Stlth   +            (no ring)
HPRegen 0.24/turn    (no ring)
MPRegen 0.07/turn

%: no passive effects
@: no status effects
A: horns 2, retaliatory headbutt
a: no special abilities


You were on level 1 of the Dungeon.
You visited 1 branch of the dungeon, and saw 1 of its levels.

You collected 10 gold pieces.

Inventory:

Hand Weapons
 a - a +0 war axe (weapon)
Missiles
 d - 3 throwing nets (quivered)
 e - a javelin
 f - 4 poisoned darts
Armour
 b - a +0 leather armour (worn)
 c - a +0 hat (worn)
Jewellery
 g - a ring of positive energy


   Skills:
 + Level 2.8 Fighting
 + Level 3.9 Axes
 - Level 2.0 Throwing
 + Level 1.1 Armour
 - Level 3.2 Dodging


You had one spell level left.
You didn't know any spells.
Your spell library was empty.

Dungeon Overview and Level Annotations

Branches:
Dungeon (1/15)

Altars:


Innate Abilities, Weirdness & Mutations

You have a pair of horns on your head.
You reflexively headbutt those who attack you in melee.


Message History

The gnoll shouts!
The goblin barely misses you. You furiously retaliate!
You headbutt the goblin, but do no damage.
You hit the goblin.
You kill the goblin!
The hobgoblin misses you.
Your Armour skill increases to level 1!
You have reached level 2!
You slash the hobgoblin!
You kill the hobgoblin!
The dart slug launches a dart at you. The slug dart misses you.
You closely miss the gnoll. The gnoll hits you with a +0 club.
The dart slug launches a dart at you. The slug dart hits you.
Unknown command.
You hit the gnoll but do no damage. The gnoll barely misses you.
The gnoll hits you with a +0 club!
Unknown command.
You barely miss the gnoll. Your headbutt misses the gnoll.
The gnoll barely misses you.
You closely miss the gnoll. The gnoll closely misses you.
You barely miss the gnoll. The gnoll hits you with a +0 club.
You barely miss the gnoll. The gnoll hits you with a +0 club.
* * * LOW HITPOINT WARNING * * *
The gnoll hits you with a +0 club.
* * * LOW HITPOINT WARNING * * *
You barely miss the gnoll. You headbutt the gnoll.
The gnoll is heavily wounded.
You hit the dart slug. The gnoll hits you but does no damage.
The dart slug misses you.
You barely miss the gnoll.
The gnoll is heavily wounded.
You slash the dart slug! The gnoll closely misses you.
You hit the gnoll.
The gnoll is severely wounded.
You hit the dart slug.
You kill the dart slug!
The gnoll hits you with a +0 club.
You die...

#+###'###+######.##.........#
............# #.....########
8.⌠⌠⌠>⌠⌠⌠.8.# #.#####
............####.#
≈~~~~~≈~≈~~~#....#
≈~~≈≈~~≈≈~≈≈#....#
≈~~≈≈~≈≈~~≈≈#....#
≈~~≈≈~≈~~~~≈#...(#######
≈≈~≈≈~~~~~≈≈#...@.......
≈~~~≈~~~~≈~≈#...g#######
≈≈~~≈~≈~~~≈≈#.....
≈≈≈~~~≈~≈≈≈≈#....##
≈≈≈~~~~~~≈≈≈##|#.#
≈≈≈≈~~~~≈≈≈≈##.#.#
≈≈~~~~~~≈≈≈≈#....#
~≈~~...~~≈~≈#..#.#
≈~~..<..~~≈≈#


You could see a gnoll.

Vanquished Creatures
  A dart slug (D:1)
  2 endoplasms (D:1)
  A hobgoblin (D:1)
  2 quokkas (D:1)
  A frilled lizard (D:1)
  2 goblins (D:1)
9 creatures vanquished.

Notes
Turn   | Place    | Note
-------+----------+-------------------------------------------
     0 | D:1      | pkoi the Minotaur Gladiator began the quest for the Orb.
     0 | D:1      | Reached XP level 1. HP: 18/18 MP: 0/0
    95 | D:1      | Reached skill level 1 in Armour
    95 | D:1      | Reached XP level 2. HP: 25/25 MP: 1/1
   101 | D:1      | HP: 1/25 [gnoll/+0 club (2)]
   104 | D:1      | Slain by a gnoll

Illustrated notes

Levels and vault maps discovered:
D:1:      zaba_arrival_water, layout_basic

Skill      XL: |  1 |
---------------+----+-----
Armour         | 1 |  1.1
Fighting       | |  2.8
Axes           | |  3.9
Throwing       | |  2.0
Dodging        | |  3.2

Action                     || total
---------------------------++-------
  Melee: War axe           ||    20
         Headbutt          ||     2
 Armour: Leather armour    ||     2
  Dodge: Dodged            ||    17
